 Dungeon Sprint DCSS version 0.26-a0-683-g5206c1d7ac (webtiles) character file.

Game seed: 17504810223835746651

1900000 jfcaron the Formicid Barricade (level 18, -34/177 HPs)
             Began as a Formicid Fighter on Oct 22, 2020.
             Annihilated by a meat berserker
             ... wielding a +9 battleaxe
              (59 damage)
             ... in the Dungeon (Sprint VIII: "Arena of Blood").
             The game lasted 00:01:49 (19 turns).

jfcaron the Formicid Barricade (Formicid Fighter)     Turns: 19, Time: 00:01:49

Health: -34/177    AC: 12    Str: 23    XL:     18   Next: 5%
Magic:  18/18      EV: 23    Int:  8    God:
Gold:   0          SH: 19    Dex: 16    Spells: 17/17 levels left

rFire    . . .     SeeInvis +   h - +∞ Axe of Woe
rCold    . . .     Faith    .   c - +0 kite shield
rNeg     . . .     Spirit   .   b - +0 scale mail
rPois    .         Reflect  .   (helmet unavailable)
rElec    .         Harm     .   (no cloak)
rCorr    .         Rampage  .   (no gloves)
MR       +....                  (no boots)
Stlth    ..........             (no amulet)
HPRegen  0.39/turn              (no ring)
MPRegen  0.16/turn              (no ring)

@: no status effects
A: permanent stasis, dig shafts and tunnels, four strong arms, antennae 3
a: Dig


You were in the Dungeon.
You visited 1 branch

Inventory:

Hand Weapons
 a - a +0 war axe
 h - the +∞ Axe of Woe (weapon)
   (You found it in the Dungeon)
Armour
 b - a +0 scale mail (worn)
 c - a +0 kite shield (worn)
Potions
 d - a potion of might
 e - a potion of curing
 f - a potion of heal wounds
 g - 2 potions of magic


   Skills:
 + Level 25.4 Fighting
 + Level 23.7 Axes
 + Level 25.4 Armour
 + Level 17.5 Dodging
 O Level 27 Shields


You had 17 spell levels left.
You didn't know any spells.
Your spell library was empty.

Dungeon Overview and Level Annotations

Branches:
Dungeon (1/1)

Altars:
Makhleb


Innate Abilities, Weirdness & Mutations

You cannot be hasted, slowed, berserked, paralysed or teleported.
You can dig through walls and to a lower floor.
Your four strong arms can wield two-handed weapons with a shield.
You have a pair of large antennae on your head. (SInv)


Message History

A bag of meat comes into view. It is wielding a +9 war axe.
You block the bag of meat's attack.
You hear a shout!
A bag of meat comes into view. It is wielding a +9 war axe. x2
You hear a shout!
A bag of meat comes into view. It is wielding a +9 war axe.
You hear a shout! x2
The meat berserker rages.
The bag of meat moves out of view.
You hear a shout! 4 orcs come into view.
The bag of meat shouts! x4; You hear a shout! x5
The meat berserker hits you with a +9 battleaxe!!!
* * * LOW HITPOINT WARNING * * *
You hear a shout! x2
The bag of meat hits you with a +9 war axe!
* * * LOW HITPOINT WARNING * * *
You hear a shout! x2
The meat berserker hits you with a +9 battleaxe!!!
You die... .. .. ...#### o.##.##.#####......# oooo...

............
.oo.##.##.....o.....
..oOo..o...oo.o...V
....oo#O#.Oo.O..#oo
...ooo.ooO.)oo####..
o..o...OOoo)Oo......
...o...@Oooo.O......
........oO..........
....................
.#......o#..........
#......o#..........
.###.....o)###........
......###.o...........
......_..)..........
..#.....#.......#.


You could see 2 large bags of meat, 9 meat berserkers and 38 bags of meat.

Vanquished Creatures
  3 ogres (D)
  5 orcs (D)
8 creatures vanquished.

Notes
Turn   | Place    | Note
-------+----------+-------------------------------------------
     0 | D        | Found the +∞ Axe of Woe
     0 | D        | jfcaron the Formicid Fighter began the quest for the Orb.
     0 | D        | Reached XP level 1. HP: 18/18 MP: 1/1
     0 | D        | Noticed a meat berserker
     3 | D        | Noticed a bag of meat
     3 | D        | Noticed a bag of meat
     4 | D        | Noticed a meat berserker
     4 | D        | Killed a meat berserker
     4 | D        | Reached skill level 19 in Shields
     4 | D        | Reached XP level 2. HP: 48/48 MP: 2/2
     4 | D        | Reached XP level 3. HP: 54/54 MP: 3/3
     4 | D        | Reached XP level 4. HP: 62/62 MP: 4/4
     4 | D        | Reached XP level 5. HP: 68/68 MP: 5/5
     4 | D        | Reached XP level 6. HP: 75/75 MP: 6/6
     4 | D        | Reached XP level 7. HP: 82/82 MP: 7/7
     4 | D        | Reached XP level 8. HP: 89/89 MP: 8/8
     4 | D        | Reached XP level 9. HP: 95/95 MP: 9/9
     4 | D        | Reached XP level 10. HP: 103/103 MP: 10/10
     4 | D        | Reached XP level 11. HP: 109/109 MP: 11/11
     4 | D        | Reached XP level 12. HP: 116/116 MP: 12/12
     4 | D        | Reached XP level 13. HP: 122/122 MP: 13/13
     5 | D        | Noticed a meat berserker
     7 | D        | Noticed a meat berserker
     8 | D        | Killed a meat berserker
     8 | D        | Reached skill level 21 in Shields
     8 | D        | Reached XP level 14. HP: 136/136 MP: 14/14
     8 | D        | Reached XP level 15. HP: 142/142 MP: 15/15
     8 | D        | Reached skill level 22 in Shields
    10 | D        | Noticed a meat berserker
    11 | D        | Noticed a large bag of meat
    12 | D        | Noticed a meat berserker
    13 | D        | Noticed a meat berserker
    13 | D        | Noticed a meat berserker
    14 | D        | Reached skill level 23 in Shields
    14 | D        | Reached XP level 16. HP: 117/154 MP: 16/16
    14 | D        | Killed a meat berserker
    14 | D        | Reached skill level 25 in Shields
    14 | D        | Reached skill level 15 in Dodging
    14 | D        | Reached XP level 17. HP: 126/166 MP: 17/17
    14 | D        | Reached skill level 26 in Shields
    14 | D        | Reached skill level 27 in Shields
    14 | D        | Reached XP level 18. HP: 134/177 MP: 18/18
    14 | D        | Noticed a meat berserker
    15 | D        | Noticed a meat berserker
    16 | D        | Noticed a destroyer
    16 | D        | Noticed a meat berserker
    16 | D        | Noticed a meat berserker
    18 | D        | Noticed a large bag of meat
    19 | D        | HP: 25/177 [bag of meat/+9 war axe (16)]
    19 | D        | Annihilated by a meat berserker

Illustrated notes

Levels and vault maps discovered:
D:        meatsprint

Skill      XL: |  1  2  3  4  5  6  7  8  9 10 11 12 13 14 15 16 17 |
---------------+----------------------------------------------------+-----
Fighting       | 18 20 22 24 25 | 25.4
Axes           | 16 18 20 22 23 | 23.7
Armour         | 18 20 22 24 25 | 25.4
Shields        | 19 21 23 25 27 | 27.0
Dodging        | 9 12 15 17 | 17.5

Action                   |  1- 3 |  4- 6 |  7- 9 | 10-12 | 13-15 | 16-18 || total
-------------------------+-------+-------+-------+-------+-------+-------++-------
Melee: Executioner's axe |     1 |       |       |       |     2 |       ||     3
Armor: Scale mail        |       |       |       |       |       |     1 ||     1
Dodge: Dodged            |       |       |       |       |     1 |     1 ||     2
Block: Kite shield       |       |       |       |       |     1 |     4 ||     5

Table legend: (Time is in decaauts)
 A = Elapsed time spent in this place.
 B = Non-inter-level travel time spent in this place.
 C = Inter-level travel time spent in this place.
 D = Time resting spent in this place.
 E = Time spent auto-exploring this place.
 F = Levels seen in this place.
 G = Mean time per level.
                   A        B        C        D        E       F      G
               +--------+--------+--------+--------+--------+-----+--------+
         Total |     19 |     19 |      0 |      0 |      0 |   1 |   19.0 |
       Dungeon |     19 |     19 |      0 |      0 |      0 |   1 |   19.0 |
               +--------+--------+--------+--------+--------+-----+--------+

Top non-repeatable levels by time:
       D: 19 daAuts
